 Dungeon Crawl Stone Soup version 0.30-a0-457-g4b7bca3bfa (webtiles) character file.

Game seed: 3268644199753850753

371 Bnni the Shield-Bearer (level 6, -1/48 HPs)
             Began as a Demonspawn Fighter on Dec 12, 2022.
             Was an Initiate of Dithmenos.
             Slain by an unseen horror (9 damage)
             ... on level 5 of the Dungeon.
             The game lasted 00:06:35 (4031 turns).

Bnni the Shield-Bearer (Demonspawn Fighter)         Turns: 4031, Time: 00:06:36

Health: -1/48      AC: 10    Str: 19    XL:     6   Next: 42%
Magic:  6/6        EV:  9    Int:  9    God:    Dithmenos [......]
Gold:   59         SH:  5    Dex: 12    Spells: 5/5 levels left

rFire   . . .      SeeInvis .    a - +0 long sword
rCold   . . .      Faith    .    c - +0 buckler
rNeg    . . .      Spirit   .    b - +0 scale mail
rPois   .          Reflect  .    (helmet restricted)
rElec   .          Harm     .    s - +0 cloak {rCorr}
rCorr   +          Rampage  .    (no gloves)
Will    .....                    t - +0 pair of boots {Fly}
Stlth   ..........               (no amulet)
HPRegen 0.28/turn                (no ring)
MPRegen 0.20/turn                (no ring)

@: flying
A: antennae 2, molten scales 1, magic regeneration
a: Renounce Religion


You were on level 5 of the Dungeon.
You worshipped Dithmenos.
Dithmenos was noncommittal.
You visited 2 branches of the dungeon, and saw 6 of its levels.

You collected 289 gold pieces.
You spent 230 gold pieces at shops.

Inventory:

Hand Weapons
 a - a +0 long sword (weapon)
Missiles
 d - 6 poisoned darts
 i - 4 javelins (quivered)
Armour
 b - a +0 scale mail (worn)
 c - a +0 buckler (worn)
 s - a +0 cloak of preservation (worn)
 t - a +0 pair of boots of flying (worn)
Scrolls
 h - 2 scrolls of magic mapping {unknown}
 j - a scroll of fog {unknown}
 k - 2 scrolls of teleportation {unknown}
 n - a scroll of vulnerability {unknown}
 q - a scroll of immolation {unknown}
Potions
 l - 2 potions of curing
 m - a potion of degeneration {unknown}
 o - a potion of mutation {unknown}
 p - a potion of attraction
 r - 2 potions of lignification
 u - a potion of heal wounds {unknown}


   Skills:
 + Level 4.1 Fighting
 * Level 4.1 Long Blades
 - Level 2.6 Armour
 * Level 4.6 Shields
 + Level 0.5 Invocations


You had 5 spell levels left.
You didn't know any spells.
Your spell library contained the following spells:

 Spells                   Type           Power      Damage    Failure   Level
 Kiss of Death            Conj/Necr      0%         2d5       85%         1
 Confusing Touch          Hex            0%         N/A       99%         3
 Dispel Undead            Necr           0%         3d6       100%        4


Dungeon Overview and Level Annotations

Branches:
Dungeon (5/15)             Temple (1/1) D:4

Altars:
Ashenzari
Cheibriados
Dithmenos
Fedhas
Gozag
Hepliaklqana
Kikubaaqudgha
Makhleb
Nemelex Xobeh
Okawaru
Qazlal
Ru
Sif Muna
Trog
Wu Jian
Yredelemnul

Shops:
D:3 [


Innate Abilities, Weirdness & Mutations

You have a pair of antennae on your head.
You are partially covered in molten scales. (AC +2)
You regenerate magic rapidly.


Message History

You fly downwards.
Found a scroll labelled NOR QAAMABLE and 15 gold pieces.
There is a stone staircase leading up here.
You now have 59 gold pieces (gained 15).
k - 2 scrolls labelled NOR QAAMABLE (gained 1)
You sense a monster nearby.
You block something's attack.
Deactivating autopickup; reactivate with Ctrl-A.
You closely miss something. Something hits you.
You barely miss something. Something hits you! Something hits you.
You closely miss something. Something hits you.
You barely miss something. Something hits you but does no damage.
You hit something. Something hits you but does no damage.
You miss something. Something hits you.
You barely miss something.
Something hits you but does no damage. x2
You closely miss something. Something hits you but does no damage.
You barely miss something. Something hits you but does no damage.
Something hits you.
You closely miss something. Something hits you. You block something's attack.
You closely miss something. Something hits you.
Something hits you but does no damage.
You closely miss something. Something hits you.
Something hits you but does no damage. x2
You barely miss something. Something hits you!
You swing at nothing.
Something hits you. Something hits you but does no damage.
You hit something. Something hits you but does no damage. Something hits you.
Something hits you but does no damage.
You barely miss something. Something hits you but does no damage.
You swing at nothing.
Something hits you but does no damage. x2
You hit something. Something hits you. x2
* * * LOW HITPOINT WARNING * * *
You block something's attack.
You swing at nothing.
Something hits you but does no damage.
You miss something. Something hits you.
* * * LOW HITPOINT WARNING * * *
Something hits you but does no damage. You block something's attack.
You slash something! Something hits you but does no damage.
You hit something but do no damage. Something hits you!
You die...

.. ### ...#..
.#.#.####
.#......
.##...# #
.#....#
#.####{#....#
###....@##.#..#
............<.#
.#####.#....#.#
#.######.# #.
.. ## ###


There were no monsters in sight!

Vanquished Creatures
  A necrophage (D:4)
  2 hounds
  A jelly (D:4)
  Natasha (twice) (D:3)
  7 gnolls (D:4)
  4 adders
  2 dart slugs
  4 endoplasms
  2 giant cockroaches
  9 goblins
  7 hobgoblins
  7 kobolds
  A quokka (D:4)
  9 ball pythons
  7 bats
  2 frilled lizards
  8 rats
75 creatures vanquished.

Notes
Turn   | Place    | Note
-------+----------+-------------------------------------------
     0 | D:1      | Bnni the Demonspawn Fighter began the quest for the Orb.
     0 | D:1      | Reached XP level 1. HP: 18/18 MP: 1/1
     2 | D:1      | Noticed a tengu
     4 | D:1      | Noticed a demigod
     4 | D:1      | Noticed a felid
     6 | D:1      | Noticed a draconian
     6 | D:1      | Noticed a human
     8 | D:1      | Noticed a merfolk
    10 | D:1      | Noticed a meteoran
    10 | D:1      | Noticed a vine stalker
    12 | D:1      | Noticed a troll
    12 | D:1      | Noticed an elf
    14 | D:1      | Noticed a minotaur
    14 | D:1      | Noticed an armataur
    16 | D:1      | Noticed a ghoul
    18 | D:1      | Noticed an octopode
    18 | D:1      | Noticed a naga
    20 | D:1      | Noticed a demonspawn
    20 | D:1      | Noticed an ogre
    23 | D:1      | Noticed a gargoyle
    23 | D:1      | Noticed a spriggan
    25 | D:1      | Noticed a formicid
    25 | D:1      | Noticed a tengu
    27 | D:1      | Noticed a formicid
    27 | D:1      | Noticed a demonspawn
   128 | D:1      | Gained mutation: You have a pair of small antennae on your
                  | head. [demonic ancestry]
   128 | D:1      | Reached XP level 2. HP: 22/24 MP: 2/2
   720 | D:2      | Gained mutation: You regenerate magic rapidly. [demonic
                  | ancestry]
   720 | D:2      | Reached XP level 3. HP: 10/29 MP: 3/3
   867 | D:2      | Found a faded altar of an unknown god.
  1539 | D:3      | Reached XP level 4. HP: 11/35 MP: 4/4
  1841 | D:3      | Noticed Natasha
  1846 | D:3      | Killed Natasha
  2036 | D:3      | Found Xeihyrar's Armour Boutique.
  2043 | D:3      | Bought a +0 cloak of preservation for 115 gold pieces
  2043 | D:3      | Bought a +0 pair of boots of flying for 115 gold pieces
  2110 | D:3      | Noticed Natasha
  2119 | D:3      | Killed Natasha
  2120 | D:3      | Gained mutation: You have a pair of antennae on your head.
                  | [demonic ancestry]
  2120 | D:3      | Reached XP level 5. HP: 20/42 MP: 5/5
  2263 | D:3      | Found a burning altar of Makhleb.
  2263 | D:3      | Found a stormy altar of Qazlal.
  2264 | D:3      | Found a basalt altar of Yredelemnul.
  2995 | D:4      | Gained mutation: You are partially covered in molten
                  | scales. (AC +2) [demonic ancestry]
  2995 | D:4      | Reached XP level 6. HP: 47/48 MP: 6/6
  3283 | D:4      | Found a staircase to the Ecumenical Temple.
  3382 | Temple   | Entered the Ecumenical Temple
  3389 | Temple   | Became a worshipper of Dithmenos the Shadowed
  4001 | D:5      | Entered Level 5 of the Dungeon
  4031 | D:5      | Slain by an unseen horror

Illustrated notes

Levels and vault maps discovered:
D:1:      kb_arrival_jail, layout_rooms
D:2:      layout_basic, shapermc_ecumenical_altar_venn,
          nicolae_concentric_dashed_squares_mild
D:3:      layout_loops_ring, mainiacjoe_overflow_alcove_2,
          gammafunk_temple_overflow_claw, serial_shops, shop_statue,
          minmay_misc_feat_ornament, uniq_natasha
D:4:      layout_basic, minmay_temple_entry_purple_smoke
D:5:      layout_basic, serial_shops, nicolae_stop_n_shop_1,
          hangedman_decor_peaks_small
Temple:   nicolae_temple_no_exploring_needed

Skill      XL: |  1  2  3  4  5  6 |
---------------+-------------------+-----
Long Blades    | 2 3 4 |  4.1
Shields        | 3 4 |  4.6
Fighting       | 4 |  4.1
Armour         | |  2.6
Invocations    | |  0.5

Action                   |  1- 3 |  4- 6 || total
-------------------------+-------+-------++-------
Melee: Long sword        |   116 |   161 ||   277
  Use: Potion            |       |     2 ||     2
       Scroll            |       |     4 ||     4
Armor: Scale mail        |    57 |    86 ||   143
Dodge: Dodged            |    61 |    68 ||   129
Block: Buckler           |    39 |    45 ||    84

Table legend: (Time is in decaauts)
 A = Elapsed time spent in this place.
 B = Non-inter-level travel time spent in this place.
 C = Inter-level travel time spent in this place.
 D = Time resting spent in this place.
 E = Time spent auto-exploring this place.
 F = Levels seen in this place.
 G = Mean time per level.
                   A        B        C        D        E       F      G
               +--------+--------+--------+--------+--------+-----+--------+
         Total |   4119 |   3990 |    129 |    470 |   2807 |   6 |  686.5 |
       Dungeon |   4104 |   3981 |    123 |    470 |   2807 |   5 |  820.8 |
        Temple |     14 |      8 |      6 |      0 |      0 |   1 |   14.0 |
               +--------+--------+--------+--------+--------+-----+--------+

Top non-repeatable levels by time:
     D:4: 1513 daAuts
     D:3: 1115 daAuts
     D:2: 877 daAuts
     D:1: 564 daAuts
     D:5: 34 daAuts
  Temple: 14 daAuts
